[Event "*** Titled Tuesday Blitz"]
[Site "Chess.com"]
[Date "2018.06.05"]
[Round "9"]
[White "Godzillator"]
[Black "blitzcopter"]
[Result "1/2-1/2"]
[WhiteElo "2260"]
[BlackElo "2102"]
[TimeControl "180+2"]
[EndTime "15:16:07 PDT"]
[Termination "Game drawn by agreement"]

1. d4 Nf6 2. c4 e6 3. Nc3 Bb4 4.
Qc2 O-O 5. a3 Bxc3+ 6. Qxc3 d5 7. Bg5 dxc4 8. Qxc4 b6 9. Rd1 Ba6 10. Qa4 Qd7 11. Qc2 Nd5 12. Nf3 h6 13. Bh4 Rc8 14. Ne5 Qe8 15. e4 Bxf1 16. Rxf1 Ne7 17. Bxe7 Qxe7 18.
Nc6 Qe8 19. Rc1 Nxc6 20. Qxc6 Qxc6 21. Rxc6 Rd8 22. Rxc7 Rxd4 23. f3 Rad8 24. Rf2 Rd1+ 25.
Ke2 R8d2+ 26. Ke3 Rxf2 27. Kxf2 Rd2+ 28. Kg3 a5 29. b4 axb4 30. axb4 Rd4 31. e5 g5 32. b5 Rb4 33. Rb7 Rxb5 34. f4 Kg7 35.
h4 gxf4+ 36. Kxf4 Rb4+ 37. Kg3 Re4 38. Rxb6 Rxe5 39. Kf4 Rf5+ 40. Ke4 h5 41. g3 Kf6 42. Rb8 Re5+ 43. Kf4 Re1 44. Rh8 Rf1+ 45. Ke4 Rf5 46.
Rg8 Re5+ 47. Kf4 Rf5+ 48. Ke4 e5 49. Rf8 Kg6 50. Rg8+ Kf6 51. Rf8 Rf1 52. Rh8 Re1+ 53. Kf3 Kg6 54. Rg8+ Kf6 55. Rh8 Kg6 56. Rg8+ Kh7 57.
Rg5 Kh6 58. Rg8 f6 59. Kf2 Re4 60. Kf3 Re1 61. Kf2 Rd1 62. Kf3 Rd4 63. Kf2 Kh7 64.
Rf8 Kg6 65. Rg8+ Kf5 66. Rh8 Kg4 67. Rg8+ Kf5 68. Rh8 Kg4 69. Rg8+ Kh3 70. Rg6 Rd2+ 71. Kf3 Rd3+ 72. Kf2 Rd2+ 73. Kf3 Rg2 74. Ke4 Rxg3 75. Rxf6 Rg1 76. Kxe5 Kxh4 77. Rf2 Kh3 78. Kf4 Rg8 79. Ke3 h4 80. Rf7 Rg3+ 81. Kf2 Rg2+ 82. Kf1 Rg4 83. Rf3+ Kh2 84. Rf5 h3 85. Rf3 Rg1+ 86. Kf2 Rg2+ 87. Kf1 Rg4 88. Kf2 Rg2+ 89. Kf1 Rg1+ 90. Kf2 Ra1 91. Re3 Ra2+ 92. Kf1 Ra8 93. Rf3 Re8 94. Kf2 Rd8 95. Kf1 Rd1+ 96. Ke2 Ra1 97. Kf2 Rb1 98. Re3 Rb2+ 99. Kf1 Rb1+ 100. Kf2 Rb8 101. Rf3 Rb2+ 102. Kf1 Rg2 103. Re3 Rg3 104. Re2+ Kh1 105. Re4 h2 106. Rf4 Rg1+ 107. Kf2 Ra1 108. Rf8 Ra2+ 109. Kf1 Ra4 110. Kf2 Ra2+ 111. Kf1 Rb2 112. Rf7 Rb1+ 113. Kf2 Rb2+ 1/2-1/2

[Event "*** Titled Tuesday Blitz"]
[Site "Chess.com"]
[Date "2018.06.05"]
[Round "10"]
[White "Zaven_ChessMood"]
[Black "petrpalachev"]
[Result "1/2-1/2"]
[WhiteElo "2883"]
[BlackElo "2742"]
[TimeControl "180+2"]
[EndTime "15:17:44 PDT"]
[Termination "Game drawn by agreement"]

1. e4 c5 2. Nf3 Nc6 3. Bb5 g6 4.
Bxc6 bxc6 5. O-O Bg7 6. Re1 Nh6 7.
c3 O-O 8. d4 cxd4 9. cxd4 d5 10. e5 Nf5 11. Nc3 f6 12. b3 1/2-1/2

[Event "*** Titled Tuesday Blitz"]
[Site "Chess.com"]
[Date "2018.06.05"]
[Round "10"]
[White "ruvat"]
[Black "Triumphmate"]
[Result "1-0"]
[WhiteElo "2259"]
[BlackElo "2119"]
[TimeControl "180+2"]
[EndTime "15:18:51 PDT"]
[Termination "ruvat won by resignation"]

1. d4 Nf6 2. c4 e6 3. g3 Be7 4. Nf3 O-O 5. Bg2 d5 6. O-O dxc4 7. Ne5 c5 8. dxc5 Bxc5 9. Nc3 Qc7 10. Nxc4 Bxf2+ 11. Rxf2 Qxc4 12. Rxf6 gxf6 13. Bh6 Re8 14. Ne4 Nd7 15. e3 e5 16. Qg4+ 1-0

[Event "*** Titled Tuesday Blitz"]
[Site "Chess.com"]
[Date "2018.06.05"]
[Round "10"]
[White "Slovak_fighter2000"]
[Black "1e41-0"]
[Result "0-1"]
[WhiteElo "2386"]
[BlackElo "2423"]
[TimeControl "180+2"]
[EndTime "15:20:04 PDT"]
[Termination "1e41-0 won by resignation"]

1. e4 c5 2. Nf3 e6 3. b3 d5 4.
exd5 exd5 5. Bb2 Nc6 6. Bb5 Nf6 7. O-O Be7 8. Bxc6+ bxc6 9. Nc3 O-O 10. Na4 Bg4 11. h3 Bh5 12. g4 Bg6 13. Ne5 Bd6 14. Nxg6 fxg6 15. Qe2 Ne4 16. d3 Ng5 17. Kg2 Qd7 18.
f3 Rae8 19. Qd2 Ne6 20. h4 Nf4+ 21. Kh1 Re2 22. Qc3 Qe7 23. g5 Qd7 0-1

[Event "*** Titled Tuesday Blitz"]
[Site "Chess.com"]
[Date "2018.06.05"]
[Round "10"]
[White "Jahonas"]
[Black "Kubas1010"]
[Result "1-0"]
[WhiteElo "2269"]
[BlackElo "2359"]
[TimeControl "180+2"]
[EndTime "15:20:12 PDT"]
[Termination "Jahonas won by resignation"]

1. d4 d5 2. c4 e6 3. Nf3 Nf6 4. g3 Be7 5. Bg2 O-O 6. Qc2 c5 7. dxc5 d4 8. b4 a5 9. b5 Bxc5 10. O-O Qc7 11. a4 e5 12. Nbd2 Bg4 13. Ba3 Nbd7 14.
Nb3 Bxa3 15. Rxa3 Rfc8 16. Rc1 Nc5 17. Nxc5 Qxc5 18. Qb2 Rd8 19. h3 Bxf3 20. Rxf3 Rd6 21. g4 e4 22. Rf5 Qb4 23. Qxb4 axb4 24. g5 Nd7 25. Bxe4 Rxa4 26. Bxb7 b3 27. Be4 b2 28.
Rb1 Ra1 29. Kg2 Re6 30. Rxb2 Rxe4 31. Rd5 Re7 32. c5 h6 33. gxh6 gxh6 34. b6 Rc1 35. b7 Kg7 36. Rxd7 1-0

[Event "*** Titled Tuesday Blitz"]
[Site "Chess.com"]
[Date "2018.06.05"]
[Round "10"]
[White "Patzel09"]
[Black "EmreDedebas"]
[Result "1-0"]
[WhiteElo "2605"]
[BlackElo "2385"]
[TimeControl "180+2"]
[EndTime "15:20:13 PDT"]
[Termination "Patzel09 won by resignation"]

1. e4 e5 2. f4 exf4 3. Nf3 Be7 4. Bc4 d5 5. Bxd5 Nf6 6. Nc3 Bb4 7. Bb3 Bxc3 8.
bxc3 Nxe4 9. Qe2 Qe7 10. O-O Nd6 11. Qxe7+ Kxe7 12. d4 Be6 13. Re1 Kd7 14. c4 a5 15.
c5 Bxb3 16. axb3 Nf5 17. Bxf4 f6 18. d5 Na6 19. Rxa5 Nb4 20. c6+ bxc6 21. dxc6+ 1-0

[Event "*** Titled Tuesday Blitz"]
[Site "Chess.com"]
[Date "2018.06.05"]
[Round "10"]
[White "Bryakin_Mikhail"]
[Black "lionheart95"]
[Result "1-0"]
[WhiteElo "2647"]
[BlackElo "2388"]
[TimeControl "180+2"]
[EndTime "15:20:16 PDT"]
[Termination "Bryakin_Mikhail won by resignation"]

1. d4 d5 2. c4 c6 3. Nf3 Nf6 4. Nc3 dxc4 5. e3 Bf5 6. Bxc4 e6 7.
Nh4 Bb4 8. Nxf5 exf5 9. Bd2 O-O 10. h3 Nbd7 11. g4 fxg4 12. hxg4 c5 13. g5 Ne8 14.
Qh5 1-0

[Event "*** Titled Tuesday Blitz"]
[Site "Chess.com"]
[Date "2018.06.05"]
[Round "10"]
[White "VitaliyBernadskiy"]
[Black "Zhuu96"]
[Result "1-0"]
[WhiteElo "2671"]
[BlackElo "2901"]
[TimeControl "180+2"]
[EndTime "15:20:45 PDT"]
[Termination "VitaliyBernadskiy won by resignation"]

1. e4 c5 2. Nc3 Nc6 3. Nf3 e5 4. Bc4 Be7 5. d3 d6 6. Nd2 Bg5 7. h4 Bh6 8. g4 Bf4 9. Nd5 h5 10. Nxf4 exf4 11. g5 f6 12. Bxg8 Rxg8 13. Qxh5+ Kf8 14.
Nf3 Nb4 15. Kd1 Qd7 16. Bxf4 d5 17. gxf6 gxf6 18. a3 dxe4 19. axb4 Qg4 20. Bd6+ Kg7 21. Rg1 1-0

[Event "*** Titled Tuesday Blitz"]
[Site "Chess.com"]
[Date "2018.06.05"]
[Round "10"]
[White "WPWPWP-2015"]
[Black "mazetofonias"]
[Result "0-1"]
[WhiteElo "2357"]
[BlackElo "2532"]
[TimeControl "180+2"]
[EndTime "15:20:47 PDT"]
[Termination "mazetofonias won by resignation"]

1. e4 c5 2. Nf3 d6 3. d4 cxd4 4. Nxd4 Nf6 5. Nc3 a6 6. h3 Nc6 7. g4 Qb6 8. Nde2 e6 9. Bg2 Be7 10. O-O O-O 11. Be3 Qc7 12. f4 Nd7 13. Ng3 b5 14. g5 Bb7 15. Qh5 Rfe8 16. f5 Nde5 17. f6 g6 18. Qh4 Bf8 19. Rae1 b4 20. Nce2 d5 21. exd5 exd5 22. Nf4 d4 23. Nd5 Qa5 24. Bf2 Rad8 25. Qf4 Rxd5 26. Bxd5 Qxd5 27. Qe4 Nf3+ 28. Kh1 Rxe4 29. Rxe4 Nxg5 0-1

[Event "*** Titled Tuesday Blitz"]
[Site "Chess.com"]
[Date "2018.06.05"]
[Round "10"]
[White "VovenRogel"]
[Black "Shant_Sargsyan"]
[Result "0-1"]
[WhiteElo "2632"]
[BlackElo "2888"]
[TimeControl "180+2"]
[EndTime "15:21:10 PDT"]
[Termination "Shant_Sargsyan won by resignation"]

1. d4 Nf6 2. c4 e6 3. Nf3 d5 4. Nc3 Bb4 5. Bg5 dxc4 6. e4 h6 7. Bxf6 Qxf6 8. Bxc4 c5 9. e5 Qd8 10. O-O cxd4 11. Nxd4 O-O 12. Qg4 Bxc3 13. bxc3 Bd7 14. Rad1 Qc7 15. Bb3 Qxe5 16. Rfe1 Qg5 17. Qe4 Bc6 18.
Nxc6 Nxc6 19. Rd7 Na5 20. Red1 Rac8 21. Qb4 Nxb3 22. axb3 Qc5 23. Rxb7 Qxc3 24. Qa4 Rfd8 25. Rf1 a5 26. Ra7 Rc5 27. Rb7 Rg5 28. g3 Qf3 29. b4 Qxb7 0-1

[Event "*** Titled Tuesday Blitz"]
[Site "Chess.com"]
[Date "2018.06.05"]
[Round "10"]
[White "ChessMavenYeti"]
[Black "Xeniya2005"]
[Result "1-0"]
[WhiteElo "2146"]
[BlackElo "1935"]
[TimeControl "180+2"]
[EndTime "15:21:26 PDT"]
[Termination "ChessMavenYeti won by resignation"]

1. Nf3 Nf6 2. g3 g6 3. Bg2 Bg7 4. O-O O-O 5. d4 d5 6. c4 Nc6 7. cxd5 Nxd5 8. b3 Bg4 9. Bb2 Nb6 10. e3 e6 11. h3 Bxf3 12. Qxf3 Qd7 13. Nd2 Rae8 14.
Ne4 Qc8 15. Nf6+ Bxf6 16. Qxf6 Qd8 17. Qf4 Kg7 18. d5+ e5 19. dxc6 f6 20. Qb4 bxc6 21.
Bxc6 Re6 22. Rad1 Qc8 23. Bg2 Rfe8 24. Ba3 c6 25. Rc1 Qb7 26. Rfd1 e4 27. Rd4 f5 28. Bb2 Kg8 29. Rd6 Rxd6 30. Qxd6 Nd5 31. Rxc6 Qf7 32.
Bf1 1-0

[Event "*** Titled Tuesday Blitz"]
[Site "Chess.com"]
[Date "2018.06.05"]
[Round "10"]
[White "The_Unbeatable_One"]
[Black "saikrishnaReturns"]
[Result "0-1"]
[WhiteElo "2605"]
[BlackElo "2642"]
[TimeControl "180+2"]
[EndTime "15:21:41 PDT"]
[Termination "saikrishnaReturns won by resignation"]

1. Nf3 Nf6 2. g3 g6 3. b3 Bg7 4. Bb2 O-O 5. Bg2 d6 6. d4 Nfd7 7. O-O e5 8. e4 Nc6 9. d5 Ne7 10. Nbd2 h6 11. Ne1 f5 12. Nd3 a5 13. c4 g5 14.
exf5 Nxf5 15. Ne4 Nf6 16. c5 Nd4 17. cxd6 cxd6 18. f4 Nxe4 19. Bxe4 Bh3 20. Rf2 gxf4 21. gxf4 exf4 22. Kh1 Qh4 23. Qd2 f3 24. Rg1 Qxe4 25.
Qxh6 Bg2+ 0-1

[Event "*** Titled Tuesday Blitz"]
[Site "Chess.com"]
[Date "2018.06.05"]
[Round "10"]
[White "gkchesstiger"]
[Black "GMSrinath"]
[Result "1-0"]
[WhiteElo "2803"]
[BlackElo "2687"]
[TimeControl "180+2"]
[EndTime "15:22:07 PDT"]
[Termination "gkchesstiger won by resignation"]

1. d4 Nf6 2. Nf3 d5 3. Bf4 c5 4. e3 Nc6 5. Nbd2 Qb6 6. dxc5 Qxb2 7. Rb1 Qc3 8. Bb5 e6 9. O-O Be7 10. Ne5 Bd7 11. Bxc6 Bxc6 12. Nxc6 bxc6 13. Rb7 Bxc5 14. Nb3 O-O 15. Qd3 Qxd3 16. cxd3 Bb6 17. Rc1 Rfc8 18.
a4 h6 19. a5 Bd8 20. a6 g5 21. Be5 Ng4 22. Bd6 Bb6 23. d4 Nf6 24. Bc5 Rab8 25. Bxb6 axb6 26. Rxc6 Rf8 27. f3 Ra8 28. a7 Rfc8 1-0

[Event "*** Titled Tuesday Blitz"]
[Site "Chess.com"]
[Date "2018.06.05"]
[Round "10"]
[White "krzysztofszczurek"]
[Black "awesomevishesh"]
[Result "1-0"]
[WhiteElo "2268"]
[BlackElo "2092"]
[TimeControl "180+2"]
[EndTime "15:22:08 PDT"]
[Termination "krzysztofszczurek won by checkmate"]

1. e4 c5 2. c3 Nf6 3. e5 Nd5 4. d4 cxd4 5. Qxd4 e6 6. Nf3 Nc6 7. Qe4 f5 8. Qe2 Be7 9. g3 O-O 10. Bg2 b5 11. O-O a5 12. Nbd2 Ba6 13. Rd1 Qb6 14.
Nf1 f4 15. Rxd5 exd5 16. Bxf4 Rae8 17. Ne3 d4 18. Nd5 Qa7 19. Nxe7+ Rxe7 20. Ng5 h6 21.
Bd5+ Kh8 22. Qh5 dxc3 23. Qg6 hxg5 24. Qh5# 1-0

[Event "*** Titled Tuesday Blitz"]
[Site "Chess.com"]
[Date "2018.06.05"]
[Round "10"]
[White "Gvalch"]
[Black "florianschwabeneder"]
[Result "0-1"]
[WhiteElo "2576"]
[BlackElo "2395"]
[TimeControl "180+2"]
[EndTime "15:22:09 PDT"]
[Termination "florianschwabeneder won by resignation"]

1. d4 c5 2. d5 Nf6 3. c4 e5 4.
Nc3 d6 5. e4 Nbd7 6. g3 h5 7. h3 h4 8. Bg2 Be7 9. Nge2 Nf8 10.
Bg5 Ng6 11. Qd2 Nh5 12. Be3 a6 13. Bf3 Nf6 14. Bg2 Bd7 15. O-O-O b5 16. Rde1 Qa5 17.
Kb1 bxc4 18. g4 Nh7 19. f4 exf4 20. Nxf4 Ne5 21. Nh5 g6 22. Nf4 Rb8 23. Rhf1 O-O 24. Rf2 Bf6 25. Ka1 Bg7 26. Ref1 Rb7 27. g5 Rfb8 28.
Nfe2 Rxb2 29. Qxb2 Rxb2 30. Kxb2 Nd3+ 31. Kc2 Ba4+ 32. Kd2 Nxf2 33. Rxf2 Bd7 34. Rf1 Qd8 35.
e5 Bxe5 36. Ne4 Qa5+ 37. N2c3 Bf5 38. Bf3 Bxe4 0-1

[Event "*** Titled Tuesday Blitz"]
[Site "Chess.com"]
[Date "2018.06.05"]
[Round "10"]
[White "carlesdc96"]
[Black "Robert_Chessmood"]
[Result "0-1"]
[WhiteElo "2575"]
[BlackElo "2721"]
[TimeControl "180+2"]
[EndTime "15:22:11 PDT"]
[Termination "Robert_Chessmood won by resignation"]

1. e4 e5 2. Nf3 Nc6 3. Bb5 Nf6 4. d3 Bc5 5. c3 O-O 6. O-O d6 7.
Re1 a6 8. Ba4 b5 9. Bb3 Be6 10.
Bc2 d5 11. exd5 Bxd5 12. Nxe5 Nxe5 13. Rxe5 Qd7 14. d4 Bd6 15. Re1 Rae8 16. Rxe8 Rxe8 17.
Bg5 Qg4 18. f3 Qxg5 19. Nd2 Qe3+ 20. Kh1 Qf2 21. Bd3 Ng4 22. Ne4 Bxe4 23. Bxe4 Rxe4 24.
fxe4 Qh4 25. Kg1 Bxh2+ 0-1

[Event "*** Titled Tuesday Blitz"]
[Site "Chess.com"]
[Date "2018.06.05"]
[Round "10"]
[White "Raja3401"]
[Black "JaimeSantosLatasa"]
[Result "0-1"]
[WhiteElo "2411"]
[BlackElo "2675"]
[TimeControl "180+2"]
[EndTime "15:22:28 PDT"]
[Termination "JaimeSantosLatasa won by resignation"]

1. e4 c5 2. Nf3 d6 3. d4 cxd4 4. Nxd4 Nf6 5. Nc3 a6 6. Bg5 e6 7. f4 Qb6 8. Qd2 Nc6 9. Nb3 Ng4 10. O-O-O Nf2 11. Na4 Qa7 12. Bd3 b5 13. Nc3 Nxh1 14.
Rxh1 Be7 15. h4 f6 16. Qe2 fxg5 17. hxg5 b4 18. Nd5 exd5 19. exd5 Nd4 20. Qh5+ Kd8 21. Re1 Nxb3+ 22. axb3 Qf2 23. Re4 Bf5 24. Rxe7 Kxe7 0-1

[Event "*** Titled Tuesday Blitz"]
[Site "Chess.com"]
[Date "2018.06.05"]
[Round "10"]
[White "GMCanty"]
[Black "djano"]
[Result "0-1"]
[WhiteElo "2200"]
[BlackElo "2375"]
[TimeControl "180+2"]
[EndTime "15:22:39 PDT"]
[Termination "djano won by resignation"]

1. e4 c5 2. c3 d6 3. d4 Nf6 4. Bd3 Qc7 5. f4 cxd4 6. cxd4 d5 7. e5 Ne4 8. Nd2 Bf5 9. g4 Nc3 10. Qc2 Bxd3 11. Qxd3 Nxa2 12. Ne2 Nb4 13. Qb5+ N8c6 14. O-O e6 15. f5 Be7 16. Nf3 O-O 17. f6 gxf6 18.
Bh6 fxe5 19. Bxf8 Rxf8 20. Rac1 a6 21. Qa4 Qb6 22. Kh1 exd4 23. Qd1 e5 24. Nf4 exf4 25. Re1 Bf6 26. g5 Bg7 27. Nh4 d3 28. Nf5 Qf2 29. Qh5 d2 0-1

[Event "*** Titled Tuesday Blitz"]
[Site "Chess.com"]
[Date "2018.06.05"]
[Round "10"]
[White "AndrewDGreen"]
[Black "aqmarkin"]
[Result "1-0"]
[WhiteElo "2162"]
[BlackElo "2198"]
[TimeControl "180+2"]
[EndTime "15:22:43 PDT"]
[Termination "AndrewDGreen won by resignation"]

1. d4 d5 2. Bf4 Nf6 3. e3 c5 4. Nc3 a6 5. dxc5 Nc6 6. a3 h6 7. b4 e5 8. Bg3 Bf5 9. Nf3 Bg4 10.
Be2 Bxf3 11. Bxf3 e4 12. Be2 Be7 13. O-O O-O 14. Na4 Qe8 15. c3 Bd8 16. Qb3 Qe6 17. Rfd1 Re8 18. c4 d4 19. exd4 e3 20. fxe3 Qxe3+ 21. Qxe3 Rxe3 22. Bf3 a5 23. b5 Ne7 24. Bxb7 Ra7 25. c6 Nf5 26. Bb8 Rxb7 27. cxb7 Ne4 28. Bf4 1-0

[Event "*** Titled Tuesday Blitz"]
[Site "Chess.com"]
[Date "2018.06.05"]
[Round "10"]
[White "Sanan_Sjugirov"]
[Black "dretch"]
[Result "1-0"]
[WhiteElo "2729"]
[BlackElo "2745"]
[TimeControl "180+2"]
[EndTime "15:22:45 PDT"]
[Termination "Sanan_Sjugirov won on time"]

1. e4 e6 2. d4 d5 3. Nd2 c5 4. Ngf3 cxd4 5. exd5 Qxd5 6. Bc4 Qd6 7. O-O Nf6 8. Nb3 Nc6 9. Nbxd4 Nxd4 10. Nxd4 a6 11. Re1 Qc7 12. Qe2 Bd6 13. Bg5 O-O 14. Bxf6 gxf6 15. Bd3 f5 16. Qh5 Kh8 17. Nf3 f6 18.
Rad1 Bc5 19. c3 Qg7 20. Nd4 Bxd4 21. cxd4 Bd7 22. d5 exd5 23. Bxf5 Bc6 24. Re3 Qf7 25. Qh4 Rg8 26. Be6 Qg7 27. Rg3 1-0

[Event "*** Titled Tuesday Blitz"]
[Site "Chess.com"]
[Date "2018.06.05"]
[Round "10"]
[White "lucasmito"]
[Black "Flawless2018"]
[Result "0-1"]
[WhiteElo "2329"]
[BlackElo "2485"]
[TimeControl "180+2"]
[EndTime "15:22:55 PDT"]
[Termination "Flawless2018 won on time"]

1. e4 e5 2. f4 exf4 3. Nf3 g5 4.
h4 g4 5. Ng5 h6 6. Nxf7 Kxf7 7.
Bc4+ d5 8. Bxd5+ Ke8 9. d4 Nf6 10. Nc3 f3 11. O-O c6 12. Bb3 Nh5 13. gxf3 Qxh4 14.
Qe1 g3 15. Qe2 Rg8 16. Bxg8 Na6 17. Bb3 Bh3 18. Re1 Kd7 19. d5 Bc5+ 20. Be3 Bxe3+ 21.
Qxe3 Bg2 22. dxc6+ Kxc6 23. Qxh6+ Kc5 24. Na4+ Kb5 25.
c4+ Ka5 26. Qd2+ Nb4 27. Qxg2 Nf4 0-1

[Event "*** Titled Tuesday Blitz"]
[Site "Chess.com"]
[Date "2018.06.05"]
[Round "10"]
[White "Jooonaaas1996"]
[Black "11kevin"]
[Result "0-1"]
[WhiteElo "2287"]
[BlackElo "2263"]
[TimeControl "180+2"]
[EndTime "15:23:01 PDT"]
[Termination "11kevin won on time"]

1. e4 c6 2. d4 d5 3. Nd2 dxe4 4. Nxe4 Bf5 5. Ng3 Bg6 6. Nh3 e6 7. Nf4 Bd6 8. Nxg6 hxg6 9. Ne4 Nf6 10. Nxd6+ Qxd6 11. g3 Qd5 12. Rg1 Rxh2 13. Be3 Nbd7 14. Qd2 O-O-O 15.
c4 Qh5 16. Be2 Ne4 17. Bxh5 Nxd2 18. Be2 Ne4 19. Bf3 Ndf6 20. Rh1 Rdh8 21. Rxh2 Rxh2 22. Ke2 Nxg3+ 23. Kd3 Nf5 24. d5 Nxe3 25. fxe3 cxd5 26. cxd5 exd5 27. Rc1+ Kd7 28. Rc5 Rxb2 29. Bxd5 Kd6 30. Ra5 Nxd5 0-1

[Event "*** Titled Tuesday Blitz"]
[Site "Chess.com"]
[Date "2018.06.05"]
[Round "10"]
[White "GoingKronos"]
[Black "Gareth-Bale11"]
[Result "0-1"]
[WhiteElo "2346"]
[BlackElo "2460"]
[TimeControl "180+2"]
[EndTime "15:23:12 PDT"]
[Termination "Gareth-Bale11 won on time"]

1. Nf3 d5 2. c4 e6 3. g3 dxc4 4.
Bg2 Nf6 5. Qa4+ Bd7 6. Qxc4 c5 7. Ne5 Qc8 8. Qd3 Bc6 9. Nxc6 Nxc6 10. Qb5 Nd5 11. Nc3 Nb4 12. O-O a6 13. Qb6 Be7 14. a3 Nc2 15. Rb1 O-O 16. Bxc6 bxc6 17. d3 e5 18. Bd2 Rb8 19. Qa7 Re8 20. Rfc1 Nd4 21. Be3 Nb3 22. Rd1 Bd8 23. Bxc5 Ra8 0-1

[Event "*** Titled Tuesday Blitz"]
[Site "Chess.com"]
[Date "2018.06.05"]
[Round "10"]
[White "ENEASZ"]
[Black "Rish_97"]
[Result "0-1"]
[WhiteElo "2489"]
[BlackElo "2316"]
[TimeControl "180+2"]
[EndTime "15:23:16 PDT"]
[Termination "Rish_97 won by resignation"]

1. e4 c5 2. c3 d5 3. exd5 Qxd5 4. d4 Nf6 5. Nf3 e6 6. Na3 Nc6 7. Nc2 Be7 8. Be3 O-O 9. dxc5 Qh5 10. Be2 Nd5 11. Bd2 Bxc5 12. c4 Nf6 13. O-O Rd8 14. Qc1 b6 15. b4 Bd6 16. b5 Ne5 17. Ncd4 Nxf3+ 18. Nxf3 Bxh2+ 19. Nxh2 Qxe2 20. Be3 Bb7 21. Re1 Qh5 22. c5 bxc5 23. Qxc5 Bd5 24. a4 Ng4 25. Nf1 Qg6 26. Ng3 h5 27. Nf1 Nxf2 28. Bg5 Nh3+ 29.
gxh3 Qxg5+ 30. Kf2 Qg2+ 31. Ke3 Rac8 32. Qb4 Qf3+ 33.
Kd2 Be4+ 0-1

[Event "*** Titled Tuesday Blitz"]
[Site "Chess.com"]
[Date "2018.06.05"]
[Round "10"]
[White "Quiet_Desperation"]
[Black "GGX0X0"]
[Result "0-1"]
[WhiteElo "2355"]
[BlackElo "2319"]
[TimeControl "180+2"]
[EndTime "15:23:16 PDT"]
[Termination "GGX0X0 won by resignation"]

1. e4 c6 2. Nf3 d5 3. Nc3 Nf6 4. e5 Ne4 5. h3 Nxc3 6. bxc3 Bf5 7. Rb1 Qc7 8. Be2 e6 9. O-O Nd7 10. d4 f6 11. Nh4 fxe5 12. Nxf5 exf5 13. dxe5 Nxe5 14. Re1 O-O-O 15. Be3 Kb8 16. Ba6 b6 17. a4 Nc4 18. Bxc4 dxc4 19. Qf3 g6 20. a5 b5 21. Bg5 Rc8 22. Rxb5+ cxb5 23. Bf6 Bg7 24. Re7 Bxf6 25. Rxc7 Rxc7 26. a6 Rd8 27. g3 Rd6 28.
Qe3 Rxa6 29. Qe8+ Kb7 30. Qxb5+ Rb6 31. Qd5+ Rcc6 32. Qd7+ Ka6 33. Qxh7 Bxc3 34. Qd7 Bb4 35. Qd4 Kb5 36. Qd5+ Bc5 37. c3 Rd6 38. Qf3 a5 39. Qe2 a4 40. Qb2+ Ka5 41. Qa2 Rb3 0-1

[Event "*** Titled Tuesday Blitz"]
[Site "Chess.com"]
[Date "2018.06.05"]
[Round "10"]
[White "nochewycandy"]
[Black "CarlssonLudvig"]
[Result "1-0"]
[WhiteElo "2159"]
[BlackElo "2088"]
[TimeControl "180+2"]
[EndTime "15:23:26 PDT"]
[Termination "nochewycandy won on time"]

1. e4 c5 2. Nf3 e6 3. d3 Nc6 4. g3 d5 5. Nbd2 Bd6 6. Bg2 Nge7 7. O-O O-O 8. Re1 f6 9. exd5 exd5 10. Nf1 Bf5 11. Nh4 Bd7 12. Ne3 d4 13. Nc4 Bc7 14. a4 Nf5 15. Nxf5 Bxf5 16. Qh5 Qd7 17. Bd2 Rae8 18. Bd5+ Kh8 19. Bxc6 bxc6 20. b4 Rxe1+ 21. Rxe1 Bd8 22. bxc5 Bg4 23. Qh4 Bh3 24. Qe4 f5 25.
Qe6 Qc7 26. Bf4 Qb7 27. Ne5 Qb2 28. Nf7+ 1-0

[Event "*** Titled Tuesday Blitz"]
[Site "Chess.com"]
[Date "2018.06.05"]
[Round "10"]
[White "1stSecond"]
[Black "vovachesss"]
[Result "0-1"]
[WhiteElo "2592"]
[BlackElo "2430"]
[TimeControl "180+2"]
[EndTime "15:23:29 PDT"]
[Termination "vovachesss won by checkmate"]

1. d4 Nc6 2. Nf3 d6 3. e3 g6 4.
b3 Bg7 5. Bb2 Nf6 6. Nbd2 O-O 7.
Be2 e5 8. dxe5 Ng4 9. Nc4 Ngxe5 10. Nfxe5 Nxe5 11. Nxe5 Bxe5 12. Bd4 Qf6 13. O-O Re8 14.
Bf3 Bf5 15. Bxb7 Rab8 16. Bc6 Bxd4 17. Qxd4 Qxd4 18. exd4 Re2 19. c4 Rb6 20. d5 Ra6 21.
a3 Bd3 22. Rfc1 Rb6 23. b4 a5 24. Rc3 Rd2 25. bxa5 Rbb2 26. Rxd3 Rxd3 27. a6 Rxa3 28. Re1 Rxa6 29. g3 Raa2 30. Rf1 Kg7 31. Kg2 f5 32. h4 Kf6 33. Bb5 h6 34. Kf3 g5 35. hxg5+ hxg5 36.
Ke3 Rb3+ 37. Kd4 Rd2# 0-1

[Event "*** Titled Tuesday Blitz"]
[Site "Chess.com"]
[Date "2018.06.05"]
[Round "10"]
[White "Jbd735"]
[Black "Hollywood_Chess"]
[Result "1-0"]
[WhiteElo "2360"]
[BlackElo "2211"]
[TimeControl "180+2"]
[EndTime "15:23:37 PDT"]
[Termination "Jbd735 won by resignation"]

1. e4 c5 2. Nf3 g6 3. c3 Bg7 4. d4 cxd4 5. cxd4 d5 6. exd5 Nf6 7.
Nc3 Nxd5 8. Qb3 Nb6 9. h3 O-O 10. Be3 Nc6 11. Rd1 Na5 12. Qb5 Nd7 13. Be2 a6 14. Qg5 b5 15. O-O Bb7 16. Qh4 Nf6 17.
d5 Rc8 18. Ng5 Nc4 19. Bc1 Qb6 20. Nce4 h6 21. Nf3 Nxe4 22. Qxe4 e6 23. Qh4 g5 24. Bxg5 hxg5 25. Nxg5 Rfd8 26. dxe6 fxe6 27. Qh7+ Kf8 28. Qg6 Ne5 29. Nxe6+ Ke7 30. Qxg7+ Kxe6 31. Qh6+ Ke7 32. Qxb6 Bd5 33. Rxd5 Rxd5 34. Qb7+ Rd7 35. Qxc8 1-0

[Event "*** Titled Tuesday Blitz"]
[Site "Chess.com"]
[Date "2018.06.05"]
[Round "10"]
[White "NikolaGry"]
[Black "ChessWarrior7197"]
[Result "0-1"]
[WhiteElo "2599"]
[BlackElo "2691"]
[TimeControl "180+2"]
[EndTime "15:23:44 PDT"]
[Termination "ChessWarrior7197 won on time"]

1. e4 e5 2. Nf3 Nc6 3. c3 d6 4. d4 Nf6 5. dxe5 Nxe5 6. Nxe5 dxe5 7. Qxd8+ Kxd8 8. f3 Be6 9. Be3 Nd7 10. Nd2 Bc5 11.
Bxc5 Nxc5 12. Bc4 Ke7 13. Bxe6 Kxe6 14. Ke2 Rhd8 15. g3 Rd7 16. Rhd1 Rad8 17. Nc4 Na4 18. Rxd7 Rxd7 19. Rb1 h5 20. Ne3 b5 21. Nd1 a6 22.
Rc1 g5 23. b3 Nc5 24. Ne3 g4 25. Rd1 gxf3+ 26. Kxf3 Rxd1 27. Nxd1 Nd3 28. h4 Nc1 29. g4 hxg4+ 30. Kxg4 Nxa2 31. h5 Kf6 32. b4 Nc1 33. Ne3 c6 34. Kh4 Ne2 35. Ng4+ Kg7 36. Kg5 Nxc3 37. h6+ Kh7 38. Kf5 Na2 39. Kxe5 Nxb4 40.
Kf6 a5 41. Kxf7 a4 42. e5 a3 43. e6 Nd5 44. Ne3 Nxe3 45. e7 Nf5 46. Ke6 Nxe7 0-1

[Event "*** Titled Tuesday Blitz"]
[Site "Chess.com"]
[Date "2018.06.05"]
[Round "10"]
[White "sere99"]
[Black "asms9699"]
[Result "1-0"]
[WhiteElo "2297"]
[BlackElo "2471"]
[TimeControl "180+2"]
[EndTime "15:23:56 PDT"]
[Termination "sere99 won on time"]

1. d4 d5 2. c4 c6 3. cxd5 cxd5 4. Nc3 Nf6 5. Bf4 Nc6 6. e3 a6 7. Bd3 Bg4 8. Nge2 e6 9. f3 Bh5 10. Qb3 Na5 11. Qa4+ Nc6 12. Qb3 Na5 13. Qa4+ Nc6 14. Qb3 Ra7 15. Rc1 Bd6 16. Kf2 O-O 17. h4 Bg6 18. Na4 e5 19. dxe5 Nxe5 20. Bxg6 hxg6 21. Nb6 Bc7 22. Rhd1 Neg4+ 23. fxg4 Bxb6 24. g5 Ne4+ 25. Kf3 Re8 26. Qxd5 Qe7 27. Rc4 Nc5 28. Qd6 Ne6 29. Qxe7 Rxe7 30. Rc8+ Kh7 31. Nd4 Nxf4 32. exf4 Ba5 33. g4 1-0